 Dungeon Crawl Stone Soup version 0.23.2-30-g0e89c35649 (webtiles) character file.

Game seed: 17883390525856129616

4808 Folque the Destroyer (level 10, -1/63 HPs)
             Began as an Octopode Wizard on June 19, 2019.
             Was a Priest of Sif Muna.
             Slain by a death yak (9 damage)
             ... on level 9 of the Dungeon.
             The game lasted 00:38:15 (9680 turns).

Folque the Destroyer (Octopode Wizard)              Turns: 9680, Time: 00:38:16

Health: -1/63      AC:  6    Str: 12    XL:     10   Next: 48%
Magic:  11/21      EV: 14    Int: 25    God:    Sif Muna [***...]
Gold:   390        SH:  0    Dex:  6    Spells: 13/24 levels left

rFire    . . .     SeeInvis .   H - +5 war axe of Poalav {chop, +Rage MR+ Str+6 Dex-4}
rCold    . . .     Gourm    .   (no shield)
rNeg     . . .     Faith    .   a - +0 hat
rPois    .         Spirit   .   w - amulet of the acrobat
rElec    .         Reflect  .   C - +5 ring of protection
rCorr    .         Harm     .   (no ring)
MR       +....                  (no ring)
Stlth    +++.......             (no ring)
HPRegen  0.20/turn              (no ring)
MPRegen  0.17/turn              (no ring)
                                (no ring)
                                (no ring)

@: no status effects
A: almost no armour, stealthy swim, amphibious, 8 rings, constrict 8, camouflage
1, gelatinous body 1
a: Divine Energy, Channel Magic, Renounce Religion, Evoke Berserk Rage


You were on level 9 of the Dungeon.
You worshipped Sif Muna.
Sif Muna was most pleased with you.
You were not hungry.

You visited 2 branches of the dungeon, and saw 10 of its levels.

You collected 390 gold pieces.

Inventory:

Hand Weapons
 e - a +0 whip
 f - a +0 dagger
 m - a +0 dagger of draining
 p - a +0 hunting sling
 u - a +4 quarterstaff of chaos
 F - a +0 blowgun
 H - the +5 war axe of Poalav (weapon) {chop, +Rage MR+ Str+6 Dex-4}
   (You found it on level 4 of the Dungeon)

   It inflicts extra damage upon your enemies.
   It affects your strength (+6).
   It affects your dexterity (-4).
   It affects your resistance to hostile enchantments.
   It lets you go berserk.
Missiles
 D - 2 throwing nets (quivered)
 G - 44 poisoned needles
 L - 3 poisoned javelins
 N - 27 sling bullets
Armour
 a - a +0 hat (worn)
Jewellery
 o - a +2 ring of protection
 w - an amulet of the acrobat (around mantle)
 C - a +5 ring of protection (left tentacle)
 I - an uncursed amulet of the gourmand {unknown}
 R - an uncursed amulet of faith {unknown}
 V - an uncursed ring of wizardry {unknown}
Wands
 t - a wand of flame (3)
 P - a wand of disintegration (10)
 U - a wand of acid (5)
Scrolls
 b - 4 scrolls of identify
 d - 3 scrolls of teleportation
 g - 2 scrolls of blinking
 h - 2 scrolls of enchant armour {unknown}
 i - a scroll of fog
 k - 2 scrolls of immolation {unknown}
 s - 3 scrolls of magic mapping {unknown}
 x - a scroll of random uselessness {unknown}
 y - a scroll of remove curse {unknown}
 z - 4 scrolls of fear {unknown}
 B - 2 scrolls of amnesia {unknown}
 J - 2 scrolls of noise {unknown}
 S - a scroll of torment {unknown}
 T - a scroll of enchant weapon {unknown}
Potions
 j - 2 potions of degeneration
 l - 11 potions of curing
 n - 4 potions of agility
 q - 2 potions of mutation {unknown}
 r - 3 potions of resistance {unknown}
 v - a potion of flight {unknown}
 A - a potion of magic {unknown}
 E - a potion of invisibility {unknown}
 K - a potion of ambrosia {unknown}
 M - 2 potions of berserk rage {unknown}
 O - a potion of brilliance {unknown}
 Q - 2 potions of heal wounds {unknown}
Comestibles
 c - 19 rations
 W - 3 chunks of flesh


   Skills:
 + Level 3.0 Fighting
 - Level 5.0 Slings
 - Level 5.1 Dodging
 - Level 5.0 Stealth
 + Level 7.5 Spellcasting
 - Level 9.2 Conjurations
 - Level 3.0 Summonings
 - Level 1.0 Translocations
 - Level 1.0 Air Magic
 - Level 2.0 Poison Magic
 * Level 2.0 Invocations


You had 13 spell levels left.
You knew the following spells:

 Your Spells              Type           Power        Failure   Level  Hunger
a - Magic Dart            Conj           ####         1%          1    None
b - Call Imp              Summ           ###.....     2%          2    None
c - Blink                 Tloc           N/A          6%          2    None
d - Mephitic Cloud        Conj/Pois/Air  ####....     3%          3    None
e - Conjure Flame         Conj/Fire      ####....     2%          3    None

Your spell library contained the following spells:

 Spells                   Type           Power        Failure   Level  Hunger
 Corona                   Hex            #......      6%          1    None
 Slow                     Hex            #.......     10%         2    None
 Portal Projectile        Hex/Tloc       ##....       16%         3    None
 Inner Flame              Hex/Fire       #.......     19%         3    None
 Cause Fear               Hex            #.........   54%         4    ###....
 Leda's Liquefaction      Hex/Erth       #.........   54%         4    ###....


Dungeon Overview and Level Annotations

Branches:
Dungeon (9/15)             Temple (1/1) D:5
   Lair: D:8-11         Orc: D:9-12

Altars:
Ashenzari
Cheibriados
Dithmenos
Elyvilon
Fedhas
Gozag
Hepliaklqana
Kikubaaqudgha
Makhleb
Nemelex Xobeh
Okawaru
Qazlal
Ru
Sif Muna
Trog
Uskayaw
Vehumet
Wu Jian
Xom
Yredelemnul
Zin
The Shining One

Shops:
D:5 *

Annotations:
D:6 1 runed translucent door
D:7 exclusion: statue


Innate Abilities, Weirdness & Mutations

You cannot wear most types of armour.
You are very stealthy in the water. (Stealth+)
You are amphibious.
You can wear up to eight rings at the same time.
You can use your tentacles to constrict eight enemies at once.
Your skin changes colour to match your surroundings (Stealth+).
Your rubbery body absorbs attacks. (AC +1, EV +1)


Message History

The fire ignites!
The death yak is engulfed in blazing flames.
You hit the death yak.
The death yak is lightly wounded.
The death yak is engulfed in blazing flames.
The death yak gores you!!
The death yak is engulfed in blazing flames.
The death yak gores you.
You hit the death yak.
The death yak is heavily wounded.
The death yak is engulfed in blazing flames.
The death yak misses you.
You hit the death yak.
The death yak is severely wounded.
The death yak is engulfed in blazing flames.
The death yak gores you!!
* * * LOW HITPOINT WARNING * * *
The death yak is engulfed in blazing flames.
The death yak gores you!
You die...

.........# ..#.... ###
########.# ..Y.... ####..
#.# ..Y.... #..+.. #.###
.##..5# #.##.. #...#
.##.#.# #.##<. ###.#
.##..5#####.##.. ####'####
.# #..YY.......
#.......###.# #.......5...
#.......§Y@.# #...........
#......°##### #...........
#.......# #...........
#.......# #...........
#.......# #...........
#......Y########...........
#............Y....
#...........YY...#
#................#


You could see a death yak.

Vanquished Creatures
  Pikel (D:4)
  Grinder (D:5)
  Sigmund (D:3)
  A spriggan (D:7)
  A wyvern (D:8)
  A hungry ghost (D:8)
  Menkaure (D:6)
  A water moccasin (D:5)
  2 sky beasts
  A slave (D:4)
  2 phantoms
  4 ogres
  A wolf (D:8)
  4 centaurs
  A gnoll sergeant (D:6)
  4 bullfrogs
  3 scorpions
  4 killer bees (D:8)
  A howler monkey (D:4)
  9 wights
  An electric eel (D:8)
  2 crimson imps
  A bullfrog zombie (D:6)
  A quasit (D:4)
  A centaur zombie (D:5)
  2 bullfrog skeletons
  4 jellies
  3 orc priests
  2 hounds (D:8)
  8 orc wizards
  An iguana (D:5)
  6 worker ants
  2 hound skeletons
  12 gnolls
  10 adders
  2 shadow imps
  2 adder skeletons
  2 worms
  2 dart slugs
  12 leopard geckos
  28 orcs
  9 giant cockroaches
  10 hobgoblins
  3 jackals (D:1)
  6 quokkas
  5 ball pythons
  8 bats
  6 frilled lizards
  18 goblins
  11 kobolds
  A quokka skeleton (D:5)
  10 rats
235 creatures vanquished.

Vanquished Creatures (collateral kills)
  An orc priest (D:6)
  Crazy Yiuf (D:2)
  A worker ant (D:4)
  A mummy (D:8)
  2 gnolls
  An ooze (D:4)
  A worm (D:3)
  An orc (D:4)
  A goblin (D:4)
  A hobgoblin (D:4)
11 creatures vanquished.

Grand Total: 246 creatures vanquished

Notes
Turn   | Place    | Note
-------+----------+-------------------------------------------
     0 | D:1      | Folque the Octopode Wizard began the quest for the Orb.
     0 | D:1      | Reached XP level 1. HP: 11/11 MP: 4/4
   262 | D:1      | Reached skill level 1 in Fighting
   262 | D:1      | Reached XP level 2. HP: 5/18 MP: 4/6
   444 | D:1      | Learned a level 2 spell: Call Imp
   447 | D:1      | Learned a level 2 spell: Blink
   917 | D:1      | Reached XP level 3. HP: 20/24 MP: 7/7
   922 | D:1      | Learned a level 3 spell: Mephitic Cloud
  1226 | D:2      | Reached skill level 1 in Poison Magic
  1402 | D:2      | Found a stormy altar of Qazlal.
  1423 | D:2      | Reached XP level 4. HP: 22/29 MP: 7/9
  1512 | D:2      | Found a runed translucent door.
  1513 | D:2      | Noticed Crazy Yiuf
  1523 | D:2      | Killed Crazy Yiuf
  1523 | D:2      | Reached skill level 2 in Conjurations
  1979 | D:2      | Found a glowing golden altar of the Shining One.
  2019 | D:3      | Found a shattered altar of Ashenzari.
  2080 | D:3      | Reached skill level 1 in Air Magic
  2080 | D:3      | Reached XP level 5. HP: 9/34 MP: 3/10
  2582 | D:3      | Noticed Sigmund
  2619 | D:3      | Killed Sigmund
  2619 | D:3      | Reached skill level 3 in Conjurations
  2619 | D:3      | Reached XP level 6. HP: 39/39 MP: 6/12
  2667 | D:3      | Learned a level 3 spell: Conjure Flame
  3338 | D:4      | Found a shimmering altar of Xom.
  3455 | D:4      | Got a fine war axe
  3456 | D:4      | Identified the +5 war axe of Poalav {chop, +Rage MR+ Str+6
                  | Dex-4} (You found it on level 4 of the Dungeon)
  3606 | D:4      | Reached XP level 7. HP: 35/45 MP: 2/13
  3771 | D:4      | Found a bloodstained altar of Trog.
  3916 | D:4      | Noticed Pikel
  3936 | D:4      | Killed Pikel
  3936 | D:4      | Reached skill level 5 in Dodging
  3936 | D:4      | Reached skill level 4 in Conjurations
  3936 | D:4      | Reached XP level 8. HP: 50/50 MP: 1/14
  4570 | D:5      | Entered Level 5 of the Dungeon
  4618 | D:5      | Found a glowing silver altar of Zin.
  4659 | D:5      | Reached skill level 5 in Conjurations
  4928 | D:5      | Found a shadowy altar of Dithmenos.
  4976 | D:5      | Found a staircase to the Ecumenical Temple.
  4985 | Temple   | Entered the Ecumenical Temple
  4990 | Temple   | Became a worshipper of Sif Muna the Loreminder
  5110 | D:5      | Found a blossoming altar of Fedhas.
  5293 | D:5      | Reached skill level 5 in Stealth
  5467 | D:5      | Found Wasuulla's Serpentskin Sales.
  5792 | D:6      | Found a glowing golden altar of the Shining One.
  5792 | D:6      | Found a runed translucent door.
  5792 | D:6      | Noticed an angel
  5799 | D:6      | Noticed Grinder
  5851 | D:6      | Paralysed by Grinder for 7 turns
  6077 | D:5      | Paralysed by Grinder for 5 turns
  6089 | D:5      | Killed Grinder
  6089 | D:5      | Reached skill level 5 in Slings
  6089 | D:5      | Reached skill level 6 in Conjurations
  6089 | D:5      | Reached XP level 9. HP: 54/54 MP: 12/15
  6311 | D:6      | Noticed Menkaure
  6343 | D:6      | Reached * piety under Sif Muna
  6414 | D:6      | Reached skill level 7 in Conjurations
  6436 | D:6      | Killed Menkaure
  6436 | D:6      | Reached skill level 5 in Spellcasting
  6990 | D:6      | Reached ** piety under Sif Muna
  7031 | D:6      | Found a basalt altar of Yredelemnul.
  7308 | D:7      | Reached skill level 8 in Conjurations
  7764 | D:7      | Found a radiant altar of Vehumet.
  8109 | D:8      | Reached XP level 10. HP: 55/60 MP: 10/19
  8181 | D:8      | Found a sacrificial altar of Ru.
  8507 | D:8      | Reached skill level 9 in Conjurations
  8548 | D:8      | Reached *** piety under Sif Muna
  8580 | D:8      | Found a snail-covered altar of Cheibriados.
  8813 | D:8      | Reached skill level 1 in Invocations
  9338 | D:9      | Noticed a death yak
  9338 | D:9      | Noticed a death yak
  9339 | D:9      | Noticed a death yak
  9339 | D:9      | Noticed a death yak
  9660 | D:9      | Noticed a death yak
  9680 | D:9      | Slain by a death yak

Skill      XL: |  1  2  3  4  5  6  7  8  9 10 |
---------------+-------------------------------+-----
Fighting       | 1 2 3 |  3.0
Poison Magic   | 1 2 |  2.0
Conjurations   | 2 3 4 6 8 9 |  9.2
Air Magic      | 1 |  1.0
Spellcasting   | 4 6 7 |  7.5
Summonings     | 2 3 |  3.0
Dodging        | 3 5 |  5.1
Slings         | 2 5 |  5.0
Stealth        | 5 |  5.0
Invocations    | 2 |  2.0
Translocations | |  1.0

Action                   |  1- 3 |  4- 6 |  7- 9 | 10-12 || total
-------------------------+-------+-------+-------+-------++-------
Melee: Unarmed           |    14 |       |       |       ||    14
       Dagger            |    73 |     5 |       |       ||    78
       Constrict         |    20 |    29 |    37 |    14 ||   100
       Tentacles         |    13 |     8 |    11 |     7 ||    39
       Quarterstaff      |       |    97 |    14 |       ||   111
       War axe           |       |       |   169 |    77 ||   246
 Fire: Hunting sling     |       |     7 |    50 |    34 ||    91
       Blowgun           |       |       |       |    12 ||    12
Throw: Throwing net      |       |       |     3 |       ||     3
 Cast: Magic Dart        |    12 |    19 |    49 |    40 ||   120
       Call Imp          |     1 |     8 |    15 |    10 ||    34
       Mephitic Cloud    |       |     6 |    17 |     9 ||    32
       Blink             |       |     1 |     8 |     2 ||    11
       Conjure Flame     |       |       |    15 |    12 ||    27
  Use: Scroll            |       |     8 |     1 |       ||     9
 Stab: Sleeping          |    15 |     6 |     8 |     4 ||    33
       Confused          |       |     2 |     6 |     1 ||     9
  Eat: Chunk             |     1 |     8 |    12 |     6 ||    27
       Ration            |       |       |     1 |       ||     1
Armor: Skin              |    13 |    13 |    46 |    17 ||    89
Dodge: Dodged            |    59 |    89 |   171 |    93 ||   412
